Penguins vs Canadiens

Created - 20 février 2018 at 19:27

Goals
1 2 3 T
Penguins 1 1 1 3
Canadiens 0 1 0 1
Shots
1 2 3 T
Penguins 16 11 21 48
Canadiens 11 9 6 26

1st period

1. Penguins , Auston Matthews 11 (Markus Granlund 13, Brad Marchand 31) at 18:20

Penalties :
Chris Kreider (MTL) for Roughing (Minor) at 7:51

2nd period

2. Penguins , Leo Komarov 17 (Tyler Myers 16, Michael Grabner 10) at 16:11 (PP)
3. Canadiens , Nino Niederreiter 20 (Reilly Smith 21, MATHEW BARZAL 20) at 19:46

Penalties :
Tyler Myers (PIT) for Hooking (Minor) at 2:22, Antoine Roussel (MTL) for High sticking (Minor) at 15:36

3rd period

4. Penguins , Shane Doan 5 (Brian Boyle 13) at 12:55

Penalties :
Roman Polak (PIT) for High sticking (Minor) at 8:54

Goalie Stats

Tuukka Rask (PIT), 25 saves from 26 shots - (0,962), W, 19-17-4, 60:00 minutes
Brian Elliott (MTL), 45 saves from 48 shots - (0,938), L, 9-5-0, 60:00 minutes

Players Stats for Penguins

Player Name              G  A  P  +/- PIM S  H  SB GA TA FO     MP     PP MP  PK MP  
------------------------------------------------------------------------------------
Andrew MacDonald         0  0  0   0  0   1  0  0  0  0  0/0    17:44   0:45   1:10 
Auston Matthews          1  0  1   1  0   9  0  0  0  0  14/27  19:47   1:11   0:24 
Brad Marchand            0  1  1   1  0   6  2  0  1  0  0/2    20:37   1:23   0:56 
Brian Boyle              0  1  1   0  0   2  0  0  0  1  5/7    15:08   1:23   2:01 
Dmitry Orlov             0  0  0   0  0   0  1  0  0  0  0/0    16:33   0:45   0:00 
Joel Armia               0  0  0   0  0   2  0  0  0  0  0/0     9:04   0:00   0:00 
Leo Komarov              1  0  1   0  0   2  0  0  2  0  0/0    15:35   1:11   0:00 
Marcus Foligno           0  0  0   0  0   0  0  2  0  0  0/0     9:04   0:00   0:00 
Marian Gaborik           0  0  0   0  0   7  0  0  2  0  0/0    11:37   0:00   0:00 
Markus Granlund          0  1  1   1  0   1  1  0  0  0  0/1    19:08   0:00   0:57 
Matt Irwin               0  0  0   0  0   1  2  0  0  0  0/0    13:02   0:00   1:37 
Matt Read                0  0  0   0  0   4  2  1  0  1  1/5    10:09   0:00   1:00 
Michael Grabner          0  1  1   0  0   3  2  0  1  0  0/0    16:24   1:11   1:00 
Mikael Granlund          0  0  0   0  0   6  1  0  4  0  6/14   17:59   1:23   1:51 
Niklas Kronwall          0  0  0   0  0   1  0  0  0  0  0/0    10:26   0:00   0:00 
Roman Polak              0  0  0   1  2   1  0  1  0  0  0/0    23:22   1:49   1:05 
Shane Doan               1  0  1   0  0   2  0  1  0  0  0/0    11:37   0:00   0:00 
Tim Schaller             0  0  0   0  0   0  0  0  0  0  0/0     7:36   0:00   1:49 
Trevor van Riemsdyk      0  0  0   0  0   0  0  0  0  0  0/0     7:10   0:00   0:25 
Tyler Myers              0  1  1   1  2   0  1  3  1  0  0/0    23:58   1:49   1:37 

Players Stats for Canadiens

Player Name              G  A  P  +/- PIM S  H  SB GA TA FO     MP     PP MP  PK MP  
------------------------------------------------------------------------------------
Alexei Emelin            0  0  0  -1  0   0  2  2  0  1  0/0    16:06   0:00   1:04 
Andreas Athanasiou       0  0  0   0  0   1  0  0  0  0  3/6    10:33   0:00   0:00 
Antoine Roussel          0  0  0   0  2   1  1  1  0  0  1/1    11:48   0:00   1:16 
Brent Seabrook           0  0  0  -1  0   3  1  4  0  1  0/0    23:40   2:08   0:00 
Brett Pesce              0  0  0   1  0   1  0  2  0  0  0/0    20:14   1:50   1:30 
Bryan Little             0  0  0  -1  0   2  1  0  0  3  14/21  18:07   1:45   0:55 
Chris Kreider            0  0  0  -1  2   1  1  0  0  0  0/0    17:11   1:45   0:00 
Francois Beauchemin      0  0  0   0  0   1  0  0  0  1  0/0    20:29   1:50   1:30 
Jake Muzzin              0  0  0   0  0   0  5  2  0  0  0/0    24:44   2:08   1:04 
Julian Melchiori         0  0  0  -1  0   1  0  3  0  2  0/0    14:47   0:00   0:00 
MATHEW BARZAL            0  1  1   0  0   3  1  1  1  0  5/12   17:04   2:13   0:23 
Max Pacioretty           0  0  0   0  0   3  0  0  0  1  0/0    16:41   2:13   0:00 
Mitchell Marner          0  0  0  -1  0   2  0  0  0  0  0/1    15:27   0:00   0:00 
Nino Niederreiter        1  0  1   0  0   2  0  1  1  0  0/0    14:49   1:45   0:00 
Patrick Marleau          0  0  0   0  0   2  2  1  0  0  1/2    16:41   2:13   0:00 
Reilly Smith             0  1  1   0  0   1  2  0  0  1  1/1    13:43   0:00   0:43 
Ryan Strome              0  0  0   0  0   1  0  1  0  1  5/12   14:51   0:00   1:51 
Sven Baertschi           0  0  0   0  0   1  2  0  0  0  0/0    10:29   0:00   0:00 

3 Stars

1 - Tuukka Rask (PIT)
2 - Brian Elliott (MTL)
3 - Auston Matthews (PIT)

Power Play

Penguins - 1 on 2 Attempt(s) - 50,00%
Canadiens - 0 on 2 Attempt(s) - 0,00%

Penalty Kill

Penguins - 2 on 2 Attempt(s) - 100,00% - Score 0 goal in Penalty Kill
Canadiens - 1 on 2 Attempt(s) - 50,00% - Score 0 goal in Penalty Kill

Team Stat

Penguins - Hits : 12 - Faceoff Wins : 26 - Blocked Shots : 8 - Penalty Minutes : 4
Canadiens - Hits : 18 - Faceoff Wins : 30 - Blocked Shots : 18 - Penalty Minutes : 4

Official

Referees : Chris Lee and Mark Lemelin
Linesman : Steve Miller and Darren Gibbs

Game Notes

No Game Note

Finance

Level 1 -- Attendance: 2528 (42,13%) -- Ticket Income 452 512 $
Level 2 -- Attendance: 2508 (50,16%) -- Ticket Income 223 212 $
Level 3 -- Attendance: 1057 (52,85%) -- Ticket Income 62 363 $
Level 4 -- Attendance: 1600 (40,00%) -- Ticket Income 78 400 $
Luxury Box -- Attendance: 657 (65,70%) -- Ticket Income 133 371 $
Game was played at the Centurions Coliseum.
Total Attendance: 8350 (46,39%)
Total Ticket Income: 949 858 $
Other Income: 465 430 $
Total Income: 1 415 288 $

Penguins

5 vs 5 Forward 
   Center                   Left Wing                Right Wing               Time % Phy DF OF 
 1 Auston Matthews          Brad Marchand            Markus Granlund          40     0   1  4  
 2 Mikael Granlund          Michael Grabner          Leo Komarov              30     1   1  3  
 3 Brian Boyle              Shane Doan               Marian Gaborik           20     1   2  2  
 4 Matt Read                Marcus Foligno           Joel Armia               10     1   2  2  

5 vs 5 Defense 
   Defense                  Defense                                           Time % Phy DF OF 
 1 Tyler Myers              Roman Polak                                       40     1   2  2  
 2 Andrew MacDonald         Dmitry Orlov                                      30     1   2  2  
 3 Niklas Kronwall          Matt Irwin                                        20     1   2  2  
 4 Tim Schaller             Trevor van Riemsdyk                               10     1   2  2  

PowerPlay Forward 
   Center                   Left Wing                Right Wing               Time % Phy DF OF 
 1 Mikael Granlund          Brad Marchand            Brian Boyle              60     1   2  2  
 2 Auston Matthews          Michael Grabner          Leo Komarov              40     1   2  2  

PowerPlay Defense
   Defense                  Defense                                           Time % Phy DF OF 
 1 Tyler Myers              Roman Polak                                       60     1   2  2  
 2 Andrew MacDonald         Dmitry Orlov                                      40     1   2  2  

Penalty Kill 4 Players Forward 
   Center                   Wing                     Time % Phy DF OF 
 1 Brian Boyle              Mikael Granlund          60     1   2  2  
 2 Matt Read                Michael Grabner          40     1   2  2  

Penalty Kill 4 Players Defense
   Defense                  Defense                  Time % Phy DF OF 
 1 Tyler Myers              Roman Polak              60     1   2  2  
 2 Brian Boyle              Andrew MacDonald         40     1   2  2  

Penalty Kill - 3 Players Forward 
   Forward                                           Time % Phy DF OF 
 1 Brian Boyle                                       60     1   2  2  
 2 Matt Read                                         40     1   2  2  

Penalty Kill - 3 Players Defense
   Defense                  Defense                  Time % Phy DF OF 
 1 Tyler Myers              Roman Polak              60     1   2  2  
 2 Brian Boyle              Andrew MacDonald         40     1   2  2  

4 vs 4 Forward 
   Center                   Wing                     Time % Phy DF OF 
 1 Brad Marchand            Mikael Granlund          60     1   2  2  
 2 Auston Matthews          Michael Grabner          40     1   2  2  

4 vs 4 Defense
   Defense                  Defense                  Time % Phy DF OF 
 1 Tyler Myers              Roman Polak              60     1   2  2  
 2 Brian Boyle              Andrew MacDonald         40     1   2  2  

Last Minutes Offensive
   Center                   Left Wing                Right Wing               Defense                  Defense                  
   Mikael Granlund          Brad Marchand            Brian Boyle              Tyler Myers              Roman Polak              

Last Minutes Defensive
   Center                   Left Wing                Right Wing               Defense                  Defense                  
   Mikael Granlund          Brad Marchand            Brian Boyle              Tyler Myers              Roman Polak              

Goaltenders
Starting : Tuukka Rask              
Backup : Zane McIntyre            

Extra Forwards
Normal : Shane Doan, Marian Gaborik, Markus Granlund - PP : Shane Doan, Marian Gaborik - PK : Markus Granlund
Extra Defensemen
Normal : Niklas Kronwall, Matt Irwin, Tim Schaller - PP : Niklas Kronwall - PK : Matt Irwin, Tim Schaller
Penalty Shots
Brad Marchand, Mikael Granlund, Auston Matthews, Brian Boyle, Michael Grabner
Custom OT Lines Forwards
Brad Marchand, Mikael Granlund, Auston Matthews, Brian Boyle, Michael Grabner, Leo Komarov, Shane Doan, Marian Gaborik, Markus Granlund, Matt Read
Custom OT Lines Defensemen
Tyler Myers, Roman Polak, Brian Boyle, Andrew MacDonald, Dmitry Orlov

Scratches
Benoit Pouliot (Healthy), Matt Hackett (Healthy)

Canadiens

5 vs 5 Forward 
   Center                   Left Wing                Right Wing               Time % Phy DF OF 
 1 Bryan Little             Chris Kreider            Mitchell Marner          29     0   2  3  
 2 MATHEW BARZAL            Max Pacioretty           Patrick Marleau          29     0   2  3  
 3 Ryan Strome              Nino Niederreiter        Reilly Smith             25     0   2  3  
 4 Andreas Athanasiou       Antoine Roussel          Sven Baertschi           17     0   2  3  

5 vs 5 Defense 
   Defense                  Defense                                           Time % Phy DF OF 
 1 Brent Seabrook           Francois Beauchemin                               32     0   3  2  
 2 Jake Muzzin              Brett Pesce                                       32     0   3  2  
 3 Alexei Emelin            Julian Melchiori                                  25     0   3  2  
 4 Brent Seabrook           Jake Muzzin                                       11     0   3  2  

PowerPlay Forward 
   Center                   Left Wing                Right Wing               Time % Phy DF OF 
 1 MATHEW BARZAL            Max Pacioretty           Patrick Marleau          50     0   1  4  
 2 Bryan Little             Chris Kreider            Nino Niederreiter        50     0   1  4  

PowerPlay Defense
   Defense                  Defense                                           Time % Phy DF OF 
 1 Brent Seabrook           Jake Muzzin                                       50     0   2  3  
 2 Brett Pesce              Francois Beauchemin                               50     0   2  3  

Penalty Kill 4 Players Forward 
   Center                   Wing                     Time % Phy DF OF 
 1 Ryan Strome              Antoine Roussel          60     0   4  1  
 2 Bryan Little             Reilly Smith             40     0   4  1  

Penalty Kill 4 Players Defense
   Defense                  Defense                  Time % Phy DF OF 
 1 Brett Pesce              Francois Beauchemin      60     0   5  0  
 2 Alexei Emelin            Jake Muzzin              40     0   5  0  

Penalty Kill - 3 Players Forward 
   Forward                                           Time % Phy DF OF 
 1 Reilly Smith                                      50     0   5  0  
 2 Antoine Roussel                                   50     0   5  0  

Penalty Kill - 3 Players Defense
   Defense                  Defense                  Time % Phy DF OF 
 1 Brent Seabrook           Francois Beauchemin      50     0   5  0  
 2 Jake Muzzin              Alexei Emelin            50     0   5  0  

4 vs 4 Forward 
   Center                   Wing                     Time % Phy DF OF 
 1 Patrick Marleau          Chris Kreider            50     0   2  3  
 2 Max Pacioretty           Nino Niederreiter        50     0   2  3  

4 vs 4 Defense
   Defense                  Defense                  Time % Phy DF OF 
 1 Brent Seabrook           Alexei Emelin            50     0   3  2  
 2 Jake Muzzin              Brett Pesce              50     0   3  2  

Last Minutes Offensive
   Center                   Left Wing                Right Wing               Defense                  Defense                  
   MATHEW BARZAL            Max Pacioretty           Patrick Marleau          Brent Seabrook           Jake Muzzin              

Last Minutes Defensive
   Center                   Left Wing                Right Wing               Defense                  Defense                  
   Bryan Little             Antoine Roussel          Reilly Smith             Francois Beauchemin      Brent Seabrook           

Goaltenders
Starting : Brian Elliott            
Backup : Robin Lehner             

Extra Forwards
Normal : Mitchell Marner, Nino Niederreiter, Antoine Roussel - PP : Reilly Smith, Ryan Strome - PK : MATHEW BARZAL
Extra Defensemen
Normal : Julian Melchiori, Brett Pesce, Francois Beauchemin - PP : Julian Melchiori - PK : Brett Pesce, Francois Beauchemin
Penalty Shots
Antoine Roussel, Brent Seabrook, Mitchell Marner, Bryan Little, Patrick Marleau
Custom OT Lines Forwards
Bryan Little, MATHEW BARZAL, Max Pacioretty, Mitchell Marner, Chris Kreider, Patrick Marleau, Nino Niederreiter, Reilly Smith, Ryan Strome, Sven Baertschi
Custom OT Lines Defensemen
Brent Seabrook, Jake Muzzin, Brett Pesce, Francois Beauchemin, Alexei Emelin

Scratches
Calvin de Haan (Chest/Ribs Injury), Steve Ott (Healthy), Taylor Chorney (Healthy), Taylor Beck (Healthy)

% Time on Ice - Penguins

Lines # - Real PCT - Wanted PCT - Time Play
Normal Forward
1 - 35% - 40% - 18:49
2 - 27% - 30% - 14:13
3 - 21% - 20% - 11:22
4 - 17% - 10% - 9:04
Normal Defense
1 - 40% - 40% - 21:26
2 - 30% - 30% - 15:49
3 - 20% - 20% - 10:26
4 - 11% - 10% - 5:47
PP Forward
1 - 54% - 60% - 1:23
2 - 46% - 40% - 1:11
PP Defense
1 - 71% - 60% - 1:49
2 - 29% - 40% - 0:45
PK Forward
1 - 75% - 60% - 2:58
2 - 25% - 40% - 1:00
PK Defense
1 - 91% - 60% - 3:36
2 - 9% - 40% - 0:22
PK3 Forward
1 - 0% - 60%
2 - 0% - 40%
PK3 Defense
1 - 0% - 60%
2 - 0% - 40%
44 Forward
1 - 0% - 60%
2 - 0% - 40%
44 Defense
1 - 0% - 60%
2 - 0% - 40%
Last Minute Offensive  - 0:00
Last Minute Defensive  - 0:00
Total
Forward - 60:00
Defense - 60:00

% Time on Ice - Canadiens

Lines # - Real PCT - Wanted PCT - Time Play
Normal Forward
1 - 29% - 29% - 15:35
2 - 27% - 29% - 14:24
3 - 24% - 25% - 13:00
4 - 20% - 17% - 10:29
Normal Defense
1 - 31% - 32% - 16:28
2 - 32% - 32% - 17:09
3 - 28% - 25% - 14:47
4 - 9% - 11% - 5:04
PP Forward
1 - 56% - 50% - 2:13
2 - 44% - 50% - 1:45
PP Defense
1 - 54% - 50% - 2:08
2 - 46% - 50% - 1:50
PK Forward
1 - 72% - 60% - 1:51
2 - 28% - 40% - 0:43
PK Defense
1 - 58% - 60% - 1:30
2 - 42% - 40% - 1:04
PK3 Forward
1 - 0% - 50%
2 - 0% - 50%
PK3 Defense
1 - 0% - 50%
2 - 0% - 50%
44 Forward
1 - 0% - 50%
2 - 0% - 50%
44 Defense
1 - 0% - 50%
2 - 0% - 50%
Last Minute Offensive  - 0:00
Last Minute Defensive  - 0:00
Total
Forward - 60:00
Defense - 60:00

Play by Play

1st period


0:01 of 1st period - Bryan Little wins face-off versus Brad Marchand in neutral zone.
0:45 of 1st period - Off-side.
0:46 of 1st period - Brian Boyle wins face-off versus Ryan Strome in neutral zone.
1:08 of 1st period - Icing by Andrew MacDonald.
1:09 of 1st period - Andreas Athanasiou wins face-off versus Matt Read in Penguins zone.
1:58 of 1st period - Snap shot by Michael Grabner.
1:58 of 1st period - Stopped by Brian Elliott with a rebound.
2:15 of 1st period - Wrist shot by Marian Gaborik.
2:15 of 1st period - Stopped by Brian Elliott with a rebound.
3:42 of 1st period - Snap shot by Chris Kreider.
3:42 of 1st period - Shot Misses the Net.
4:02 of 1st period - Snap shot by Auston Matthews.
4:02 of 1st period - Deflect By Brad Marchand.
4:02 of 1st period - Shot Misses the Net.
4:02 of 1st period - Puck is out of play.
4:03 of 1st period - Mikael Granlund wins face-off versus Bryan Little in Canadiens zone.
4:10 of 1st period - Wrist shot by Michael Grabner.
4:10 of 1st period - Shot Blocked by Brent Seabrook.
4:12 of 1st period - Slapshot by Roman Polak.
4:12 of 1st period - Shot Misses the Net.
5:16 of 1st period - Snap shot by Matt Read.
5:16 of 1st period - Stopped by Brian Elliott without a rebound.
5:17 of 1st period - Matt Read wins face-off versus Andreas Athanasiou in Canadiens zone.
5:30 of 1st period - Wrist shot by Andreas Athanasiou.
5:30 of 1st period - Stopped by Tuukka Rask with a rebound.
6:08 of 1st period - Slapshot by Max Pacioretty.
6:08 of 1st period - Shot Blocked by Tyler Myers.
6:10 of 1st period - Slapshot by Francois Beauchemin.
6:10 of 1st period - Stopped by Tuukka Rask with a rebound.
6:50 of 1st period - Slapshot by Matt Read.
6:50 of 1st period - Shot Misses the Net.
6:52 of 1st period - Wrist shot by Marcus Foligno.
6:52 of 1st period - Shot Blocked by Julian Melchiori.
6:54 of 1st period - Slapshot by Tyler Myers.
6:54 of 1st period - Shot Blocked by Julian Melchiori.
6:56 of 1st period - Slapshot by Roman Polak.
6:56 of 1st period - Stopped by Brian Elliott with a rebound.
7:12 of 1st period - Snap shot by Patrick Marleau.
7:12 of 1st period - Shot Misses the Net.
7:28 of 1st period - Mikael Granlund is hit by Jake Muzzin and loses puck.
7:41 of 1st period - Snap shot by Mikael Granlund.
7:41 of 1st period - Shot Misses the Net.
7:43 of 1st period - Wrist shot by Leo Komarov.
7:43 of 1st period - Shot Misses the Net.
7:49 of 1st period - Wrist shot by Mikael Granlund.
7:49 of 1st period - Shot Blocked by Brett Pesce.
7:51 of 1st period - Minor Penalty to Chris Kreider for Roughing.
7:52 of 1st period - Mikael Granlund wins face-off versus Ryan Strome in Canadiens zone.
7:53 of 1st period - Snap shot by Brad Marchand.
7:53 of 1st period - Stopped by Brian Elliott with a rebound.
7:55 of 1st period - Wrist shot by Brian Boyle.
7:55 of 1st period - Shot Blocked by Brett Pesce.
7:57 of 1st period - Slapshot by Roman Polak.
7:57 of 1st period - Shot Misses the Net.
7:59 of 1st period - Snap shot by Mikael Granlund.
7:59 of 1st period - Stopped by Brian Elliott without a rebound.
8:00 of 1st period - Ryan Strome wins face-off versus Mikael Granlund in Canadiens zone.
8:46 of 1st period - Icing by Brad Marchand.
8:47 of 1st period - Mikael Granlund wins face-off versus Bryan Little in Penguins zone.
9:12 of 1st period - Snap shot by Auston Matthews.
9:12 of 1st period - Stopped by Brian Elliott without a rebound.
9:13 of 1st period - Mikael Granlund wins face-off versus Ryan Strome in Canadiens zone.
9:40 of 1st period - Alexei Emelin is hit by Tyler Myers and loses puck.
9:51 of 1st period - Penalty to Chris Kreider is over, Chris Kreider is back on ice.
10:03 of 1st period - Wrist shot by Matt Read.
10:03 of 1st period - Stopped by Brian Elliott with a rebound.
10:05 of 1st period - Slapshot by Andrew MacDonald.
10:05 of 1st period - Stopped by Brian Elliott without a rebound.
10:06 of 1st period - Bryan Little wins face-off versus Matt Read in Canadiens zone.
10:13 of 1st period - Slapshot by Mitchell Marner.
10:13 of 1st period - Stopped by Tuukka Rask without a rebound.
10:14 of 1st period - Bryan Little wins face-off versus Auston Matthews in Penguins zone.
10:15 of 1st period - Wrist shot by Chris Kreider.
10:15 of 1st period - Stopped by Tuukka Rask with a rebound.
10:17 of 1st period - Snap shot by Brent Seabrook.
10:17 of 1st period - Stopped by Tuukka Rask with a rebound.
11:03 of 1st period - Snap shot by Ryan Strome.
11:03 of 1st period - Shot Blocked by Tyler Myers.
11:31 of 1st period - Tyler Myers is hit by Antoine Roussel and loses puck.
11:48 of 1st period - Joel Armia is hit by Jake Muzzin and loses puck.
12:59 of 1st period - Julian Melchiori is hit by Mikael Granlund and loses puck.
13:20 of 1st period - Snap shot by Reilly Smith.
13:20 of 1st period - Shot Blocked by Marcus Foligno.
13:22 of 1st period - Slapshot by Francois Beauchemin.
13:22 of 1st period - Shot Misses the Net.
13:24 of 1st period - Wrist shot by Ryan Strome.
13:24 of 1st period - Shot Misses the Net.
13:26 of 1st period - Slapshot by Brent Seabrook.
13:26 of 1st period - Stopped by Tuukka Rask with a rebound.
13:28 of 1st period - Wrist shot by Ryan Strome.
13:28 of 1st period - Shot Misses the Net.
13:30 of 1st period - Wrist shot by Brent Seabrook.
13:30 of 1st period - Shot Blocked by Matt Read.
13:48 of 1st period - Icing by Brian Boyle.
13:49 of 1st period - Bryan Little wins face-off versus Brian Boyle in Penguins zone.
13:54 of 1st period - Slapshot by Mitchell Marner.
13:54 of 1st period - Stopped by Tuukka Rask without a rebound.
13:55 of 1st period - Bryan Little wins face-off versus Auston Matthews in Penguins zone.
13:56 of 1st period - Slapshot by Chris Kreider.
13:56 of 1st period - Shot Misses the Net.
14:08 of 1st period - Wrist shot by Auston Matthews.
14:08 of 1st period - Shot Misses the Net.
14:10 of 1st period - Snap shot by Brad Marchand.
14:10 of 1st period - Shot Misses the Net.
14:22 of 1st period - Wrist shot by Max Pacioretty.
14:22 of 1st period - Deflect By MATHEW BARZAL.
14:22 of 1st period - Stopped by Tuukka Rask with a rebound.
14:48 of 1st period - Wrist shot by Brian Boyle.
14:48 of 1st period - Shot Hit the Post.
14:50 of 1st period - Slapshot by Andrew MacDonald.
14:50 of 1st period - Shot Blocked by Brent Seabrook.
15:43 of 1st period - Backhand shot by Max Pacioretty.
15:43 of 1st period - Shot Misses the Net.
15:45 of 1st period - Slapshot by Brent Seabrook.
15:45 of 1st period - Deflect By MATHEW BARZAL.
15:45 of 1st period - Shot Misses the Net.
15:45 of 1st period - Puck is out of play.
15:46 of 1st period - Auston Matthews wins face-off versus Patrick Marleau in Penguins zone.
15:51 of 1st period - Snap shot by Auston Matthews.
15:51 of 1st period - Stopped by Brian Elliott with a rebound.
15:53 of 1st period - Slapshot by Niklas Kronwall.
15:53 of 1st period - Shot Blocked by Jake Muzzin.
15:55 of 1st period - Snap shot by Brad Marchand.
15:55 of 1st period - Stopped by Brian Elliott without a rebound.
15:56 of 1st period - Ryan Strome wins face-off versus Auston Matthews in Canadiens zone.
16:23 of 1st period - Snap shot by Michael Grabner.
16:23 of 1st period - Stopped by Brian Elliott without a rebound.
16:24 of 1st period - Patrick Marleau wins face-off versus Mikael Granlund in Canadiens zone.
16:35 of 1st period - Snap shot by MATHEW BARZAL.
16:35 of 1st period - Stopped by Tuukka Rask without a rebound.
16:36 of 1st period - Bryan Little wins face-off versus Auston Matthews in Penguins zone.
17:13 of 1st period - Slapshot by Mikael Granlund.
17:13 of 1st period - Stopped by Brian Elliott with a rebound.
17:29 of 1st period - Snap shot by Matt Read.
17:29 of 1st period - Deflect By Jake Muzzin.
17:29 of 1st period - Shot Misses the Net.
17:29 of 1st period - Puck is out of play.
17:30 of 1st period - Ryan Strome wins face-off versus Matt Read in Canadiens zone.
17:55 of 1st period - Andrew MacDonald is hit by Reilly Smith and loses puck.
18:02 of 1st period - Snap shot by Ryan Strome.
18:02 of 1st period - Stopped by Tuukka Rask with a rebound.
18:04 of 1st period - Slapshot by Julian Melchiori.
18:04 of 1st period - Stopped by Tuukka Rask without a rebound.
18:05 of 1st period - Bryan Little wins face-off versus Brad Marchand in Penguins zone.
18:12 of 1st period - Wrist shot by Auston Matthews.
18:12 of 1st period - Stopped by Brian Elliott with a rebound.
18:14 of 1st period - Wrist shot by Auston Matthews.
18:14 of 1st period - Stopped by Brian Elliott with a rebound.
18:16 of 1st period - Snap shot by Auston Matthews.
18:16 of 1st period - Shot Blocked by Alexei Emelin.
18:18 of 1st period - Snap shot by Markus Granlund.
18:18 of 1st period - Shot Misses the Net.
18:20 of 1st period - Wrist shot by Auston Matthews.
18:20 of 1st period - Goal by Auston Matthews - Penguins : 1 - Canadiens : 0.
18:21 of 1st period - Auston Matthews wins face-off versus MATHEW BARZAL in neutral zone.
19:25 of 1st period - Jake Muzzin is hit by Brad Marchand and loses puck.
Goals for this period are 1 for Penguins vs 0 for Canadiens.
Shots for this period are 16 for Penguins vs 11 for Canadiens.

2nd period


0:01 of 2nd period - Bryan Little wins face-off versus Auston Matthews in neutral zone.
0:10 of 2nd period - Icing by Brad Marchand.
0:11 of 2nd period - Auston Matthews wins face-off versus MATHEW BARZAL in Penguins zone.
0:23 of 2nd period - Off-side.
0:24 of 2nd period - Auston Matthews wins face-off versus Mitchell Marner in neutral zone.
0:39 of 2nd period - Slapshot by Auston Matthews.
0:39 of 2nd period - Stopped by Brian Elliott with a rebound.
1:09 of 2nd period - Reilly Smith is hit by Dmitry Orlov and loses puck.
1:24 of 2nd period - Slapshot by Nino Niederreiter.
1:24 of 2nd period - Shot Blocked by Marcus Foligno.
1:26 of 2nd period - Slapshot by Brent Seabrook.
1:26 of 2nd period - Stopped by Tuukka Rask without a rebound.
1:27 of 2nd period - Auston Matthews wins face-off versus MATHEW BARZAL in Penguins zone.
1:38 of 2nd period - Snap shot by Auston Matthews.
1:38 of 2nd period - Shot Blocked by Alexei Emelin.
1:40 of 2nd period - Snap shot by Brad Marchand.
1:40 of 2nd period - Stopped by Brian Elliott without a rebound.
1:41 of 2nd period - Auston Matthews wins face-off versus Andreas Athanasiou in Canadiens zone.
1:42 of 2nd period - Wrist shot by Brad Marchand.
1:42 of 2nd period - Shot Misses the Net.
1:44 of 2nd period - Wrist shot by Auston Matthews.
1:44 of 2nd period - Shot Blocked by Antoine Roussel.
1:46 of 2nd period - Slapshot by Brad Marchand.
1:46 of 2nd period - Stopped by Brian Elliott with a rebound.
1:48 of 2nd period - Snap shot by Auston Matthews.
1:48 of 2nd period - Stopped by Brian Elliott without a rebound.
1:49 of 2nd period - Antoine Roussel wins face-off versus Auston Matthews in Canadiens zone.
1:58 of 2nd period - Snap shot by Andreas Athanasiou.
1:58 of 2nd period - Shot Blocked by Roman Polak.
2:04 of 2nd period - Snap shot by Auston Matthews.
2:04 of 2nd period - Shot Misses the Net.
2:20 of 2nd period - Wrist shot by Bryan Little.
2:20 of 2nd period - Stopped by Tuukka Rask with a rebound.
2:22 of 2nd period - Minor Penalty to Tyler Myers for Hooking.
2:23 of 2nd period - Brian Boyle wins face-off versus MATHEW BARZAL in Penguins zone.
2:55 of 2nd period - Wrist shot by Bryan Little.
2:55 of 2nd period - Shot Misses the Net.
2:57 of 2nd period - Wrist shot by Jake Muzzin.
2:57 of 2nd period - Deflect By Nino Niederreiter.
2:57 of 2nd period - Stopped by Tuukka Rask with a rebound.
4:13 of 2nd period - MATHEW BARZAL is hit by Michael Grabner and loses puck.
4:18 of 2nd period - Wrist shot by Matt Read.
4:18 of 2nd period - Stopped by Brian Elliott with a rebound.
4:22 of 2nd period - Penalty to Tyler Myers is over, Tyler Myers is back on ice.
5:18 of 2nd period - Shane Doan is hit by Sven Baertschi and loses puck.
6:17 of 2nd period - Icing by Michael Grabner.
6:18 of 2nd period - Bryan Little wins face-off versus Mikael Granlund in Penguins zone.
6:23 of 2nd period - Snap shot by Max Pacioretty.
6:23 of 2nd period - Stopped by Tuukka Rask with a rebound.
6:55 of 2nd period - Slapshot by Chris Kreider.
6:55 of 2nd period - Shot Misses the Net.
7:11 of 2nd period - Wrist shot by Auston Matthews.
7:11 of 2nd period - Shot Blocked by Julian Melchiori.
7:55 of 2nd period - Wrist shot by Max Pacioretty.
7:55 of 2nd period - Stopped by Tuukka Rask without a rebound.
7:56 of 2nd period - Auston Matthews wins face-off versus MATHEW BARZAL in Penguins zone.
8:11 of 2nd period - Brent Seabrook is hit by Matt Irwin and loses puck.
8:20 of 2nd period - Markus Granlund is hit by Brent Seabrook.
8:40 of 2nd period - MATHEW BARZAL is hit by Markus Granlund and loses puck.
9:05 of 2nd period - Wrist shot by Patrick Marleau.
9:05 of 2nd period - Stopped by Tuukka Rask with a rebound.
9:13 of 2nd period - Snap shot by MATHEW BARZAL.
9:13 of 2nd period - Stopped by Tuukka Rask with a rebound.
9:23 of 2nd period - Wrist shot by Patrick Marleau.
9:23 of 2nd period - Stopped by Tuukka Rask with a rebound.
9:25 of 2nd period - Slapshot by Jake Muzzin.
9:25 of 2nd period - Deflect By MATHEW BARZAL.
9:25 of 2nd period - Deflect By Auston Matthews.
9:25 of 2nd period - Shot Misses the Net.
9:25 of 2nd period - Puck is out of play.
9:26 of 2nd period - Mikael Granlund wins face-off versus Bryan Little in Penguins zone.
9:39 of 2nd period - Wrist shot by Michael Grabner.
9:39 of 2nd period - Deflect By Brent Seabrook.
9:39 of 2nd period - Stopped by Brian Elliott with a rebound.
9:41 of 2nd period - Snap shot by Michael Grabner.
9:41 of 2nd period - Deflect By Mikael Granlund.
9:41 of 2nd period - Stopped by Brian Elliott with a rebound.
10:12 of 2nd period - Brent Seabrook is hit by Matt Read.
10:39 of 2nd period - Matt Irwin is hit by Bryan Little and loses puck.
13:31 of 2nd period - Francois Beauchemin is hit by Matt Read.
14:13 of 2nd period - Slapshot by Antoine Roussel.
14:13 of 2nd period - Deflect By Roman Polak.
14:13 of 2nd period - Shot Blocked by Tyler Myers.
14:13 of 2nd period - Puck is out of play.
14:14 of 2nd period - Brian Boyle wins face-off versus Andreas Athanasiou in Penguins zone.
14:33 of 2nd period - Wrist shot by Marian Gaborik.
14:33 of 2nd period - Stopped by Brian Elliott without a rebound.
14:34 of 2nd period - Bryan Little wins face-off versus Auston Matthews in Canadiens zone.
15:08 of 2nd period - Snap shot by Mikael Granlund.
15:08 of 2nd period - Shot Misses the Net.
15:36 of 2nd period - Minor Penalty to Antoine Roussel for High sticking.
15:37 of 2nd period - Ryan Strome wins face-off versus Mikael Granlund in Canadiens zone.
16:11 of 2nd period - Snap shot by Tyler Myers.
16:11 of 2nd period - Deflect By Leo Komarov.
16:11 of 2nd period - Goal by Leo Komarov - Penguins : 2 - Canadiens : 0.
16:12 of 2nd period - Bryan Little wins face-off versus Auston Matthews in neutral zone.
17:20 of 2nd period - Wrist shot by Auston Matthews.
17:20 of 2nd period - Shot Misses the Net.
18:00 of 2nd period - Michael Grabner is hit by Patrick Marleau and loses puck.
18:42 of 2nd period - Auston Matthews is hit by Chris Kreider and loses puck.
19:03 of 2nd period - Slapshot by Matt Read.
19:03 of 2nd period - Stopped by Brian Elliott with a rebound.
19:22 of 2nd period - Wrist shot by Mikael Granlund.
19:22 of 2nd period - Stopped by Brian Elliott with a rebound.
19:24 of 2nd period - Wrist shot by Michael Grabner.
19:24 of 2nd period - Shot Blocked by Patrick Marleau.
19:46 of 2nd period - Wrist shot by Nino Niederreiter.
19:46 of 2nd period - Goal by Nino Niederreiter - Penguins : 2 - Canadiens : 1.
19:47 of 2nd period - Auston Matthews wins face-off versus Bryan Little in neutral zone.
Goals for this period are 1 for Penguins vs 1 for Canadiens.
Shots for this period are 11 for Penguins vs 9 for Canadiens.

3rd period


0:01 of 3rd period - Auston Matthews wins face-off versus MATHEW BARZAL in neutral zone.
0:55 of 3rd period - Jake Muzzin is hit by Matt Irwin and loses puck.
1:40 of 3rd period - Snap shot by Max Pacioretty.
1:40 of 3rd period - Stopped by Tuukka Rask without a rebound.
1:41 of 3rd period - Auston Matthews wins face-off versus Ryan Strome in Penguins zone.
1:57 of 3rd period - Slapshot by Reilly Smith.
1:57 of 3rd period - Stopped by Tuukka Rask without a rebound.
1:58 of 3rd period - Bryan Little wins face-off versus Mikael Granlund in Penguins zone.
2:28 of 3rd period - Wrist shot by Auston Matthews.
2:28 of 3rd period - Shot Misses the Net.
2:30 of 3rd period - Slapshot by Markus Granlund.
2:30 of 3rd period - Stopped by Brian Elliott with a rebound.
2:32 of 3rd period - Slapshot by Dmitry Orlov.
2:32 of 3rd period - Shot Blocked by Brent Seabrook.
2:34 of 3rd period - Snap shot by Auston Matthews.
2:34 of 3rd period - Stopped by Brian Elliott without a rebound.
2:35 of 3rd period - Reilly Smith wins face-off versus Mikael Granlund in Canadiens zone.
2:35 of 3rd period - Reilly Smith is hit by Michael Grabner.
3:04 of 3rd period - Off-side.
3:05 of 3rd period - Bryan Little wins face-off versus Markus Granlund in neutral zone.
3:08 of 3rd period - Dmitry Orlov is hit by Alexei Emelin and loses puck.
3:17 of 3rd period - Snap shot by Brad Marchand.
3:17 of 3rd period - Shot Misses the Net.
3:41 of 3rd period - Snap shot by Max Pacioretty.
3:41 of 3rd period - Shot Misses the Net.
3:51 of 3rd period - Slapshot by Ryan Strome.
3:51 of 3rd period - Shot Blocked by Shane Doan.
4:40 of 3rd period - Slapshot by Bryan Little.
4:40 of 3rd period - Stopped by Tuukka Rask without a rebound.
4:41 of 3rd period - MATHEW BARZAL wins face-off versus Auston Matthews in Penguins zone.
4:46 of 3rd period - Snap shot by MATHEW BARZAL.
4:46 of 3rd period - Shot Misses the Net.
4:48 of 3rd period - Slapshot by Jake Muzzin.
4:48 of 3rd period - Shot Misses the Net.
4:50 of 3rd period - Snap shot by Brett Pesce.
4:50 of 3rd period - Stopped by Tuukka Rask with a rebound.
4:52 of 3rd period - Wrist shot by MATHEW BARZAL.
4:52 of 3rd period - Shot Misses the Net.
4:54 of 3rd period - Slapshot by Brett Pesce.
4:54 of 3rd period - Shot Misses the Net.
4:56 of 3rd period - Snap shot by Max Pacioretty.
4:56 of 3rd period - Deflect By Patrick Marleau.
4:56 of 3rd period - Shot Misses the Net.
4:56 of 3rd period - Puck is out of play.
4:57 of 3rd period - Ryan Strome wins face-off versus Mikael Granlund in Penguins zone.
5:22 of 3rd period - Snap shot by Marian Gaborik.
5:22 of 3rd period - Deflect By Shane Doan.
5:22 of 3rd period - Stopped by Brian Elliott with a rebound.
5:24 of 3rd period - Slapshot by Niklas Kronwall.
5:24 of 3rd period - Shot Misses the Net.
5:26 of 3rd period - Slapshot by Niklas Kronwall.
5:26 of 3rd period - Shot Blocked by Nino Niederreiter.
5:34 of 3rd period - Slapshot by Marian Gaborik.
5:34 of 3rd period - Deflect By Brian Boyle.
5:34 of 3rd period - Stopped by Brian Elliott without a rebound.
5:35 of 3rd period - MATHEW BARZAL wins face-off versus Auston Matthews in Canadiens zone.
5:39 of 3rd period - Off-side.
5:40 of 3rd period - Auston Matthews wins face-off versus MATHEW BARZAL in neutral zone.
6:51 of 3rd period - Snap shot by Joel Armia.
6:51 of 3rd period - Stopped by Brian Elliott with a rebound.
7:01 of 3rd period - Slapshot by Brent Seabrook.
7:01 of 3rd period - Shot Misses the Net.
7:38 of 3rd period - Icing by Julian Melchiori.
7:39 of 3rd period - Brian Boyle wins face-off versus Ryan Strome in Canadiens zone.
7:40 of 3rd period - Snap shot by Marian Gaborik.
7:40 of 3rd period - Stopped by Brian Elliott with a rebound.
8:28 of 3rd period - Snap shot by Brad Marchand.
8:28 of 3rd period - Deflect By Chris Kreider.
8:28 of 3rd period - Shot Misses the Net.
8:28 of 3rd period - Puck is out of play.
8:29 of 3rd period - Auston Matthews wins face-off versus Bryan Little in Canadiens zone.
8:54 of 3rd period - Minor Penalty to Roman Polak for High sticking.
8:55 of 3rd period - MATHEW BARZAL wins face-off versus Brian Boyle in Penguins zone.
10:05 of 3rd period - Tyler Myers is hit by Jake Muzzin and loses puck.
10:54 of 3rd period - Penalty to Roman Polak is over, Roman Polak is back on ice.
11:10 of 3rd period - Wrist shot by Sven Baertschi.
11:10 of 3rd period - Stopped by Tuukka Rask without a rebound.
11:11 of 3rd period - Andreas Athanasiou wins face-off versus Auston Matthews in Penguins zone.
11:12 of 3rd period - Wrist shot by Sven Baertschi.
11:12 of 3rd period - Shot Misses the Net.
11:22 of 3rd period - Slapshot by Brad Marchand.
11:22 of 3rd period - Stopped by Brian Elliott without a rebound.
11:23 of 3rd period - Mikael Granlund wins face-off versus Bryan Little in Canadiens zone.
11:24 of 3rd period - Snap shot by Leo Komarov.
11:24 of 3rd period - Stopped by Brian Elliott without a rebound.
11:25 of 3rd period - Bryan Little wins face-off versus Mikael Granlund in Canadiens zone.
11:52 of 3rd period - Snap shot by Marian Gaborik.
11:52 of 3rd period - Stopped by Brian Elliott with a rebound.
12:23 of 3rd period - Brent Seabrook is hit by Brad Marchand and loses puck.
12:34 of 3rd period - Roman Polak is hit by MATHEW BARZAL and loses puck.
12:55 of 3rd period - Wrist shot by Shane Doan.
12:55 of 3rd period - Goal by Shane Doan - Penguins : 3 - Canadiens : 1.
12:56 of 3rd period - MATHEW BARZAL wins face-off versus Auston Matthews in neutral zone.
13:03 of 3rd period - Tyler Myers is hit by Alexei Emelin.
13:07 of 3rd period - Slapshot by Auston Matthews.
13:07 of 3rd period - Stopped by Brian Elliott with a rebound.
13:11 of 3rd period - Wrist shot by Brad Marchand.
13:11 of 3rd period - Stopped by Brian Elliott with a rebound.
13:21 of 3rd period - Leo Komarov is hit by Reilly Smith and loses puck.
13:40 of 3rd period - Marian Gaborik is hit by Jake Muzzin and loses puck.
13:45 of 3rd period - Wrist shot by Antoine Roussel.
13:45 of 3rd period - Stopped by Tuukka Rask without a rebound.
13:46 of 3rd period - Andreas Athanasiou wins face-off versus Auston Matthews in Penguins zone.
14:01 of 3rd period - Auston Matthews is hit by Sven Baertschi and loses puck.
14:47 of 3rd period - Snap shot by Joel Armia.
14:47 of 3rd period - Stopped by Brian Elliott without a rebound.
14:48 of 3rd period - MATHEW BARZAL wins face-off versus Matt Read in Canadiens zone.
14:53 of 3rd period - Matt Read is hit by Patrick Marleau and loses puck.
15:20 of 3rd period - Snap shot by Marian Gaborik.
15:20 of 3rd period - Stopped by Brian Elliott with a rebound.
15:22 of 3rd period - Wrist shot by Shane Doan.
15:22 of 3rd period - Shot Blocked by Jake Muzzin.
15:24 of 3rd period - Slapshot by Roman Polak.
15:24 of 3rd period - Shot Blocked by Ryan Strome.
15:26 of 3rd period - Wrist shot by Marian Gaborik.
15:26 of 3rd period - Stopped by Brian Elliott without a rebound.
15:27 of 3rd period - Auston Matthews wins face-off versus Bryan Little in Canadiens zone.
16:05 of 3rd period - Snap shot by Shane Doan.
16:05 of 3rd period - Shot Blocked by Brent Seabrook.
17:43 of 3rd period - Backhand shot by Marian Gaborik.
17:43 of 3rd period - Stopped by Brian Elliott without a rebound.
17:44 of 3rd period - Brian Boyle wins face-off versus Ryan Strome in Canadiens zone.
17:49 of 3rd period - Slapshot by Brian Boyle.
17:49 of 3rd period - Stopped by Brian Elliott with a rebound.
18:01 of 3rd period - Shane Doan is hit by Jake Muzzin.
18:30 of 3rd period - Snap shot by Leo Komarov.
18:30 of 3rd period - Shot Blocked by MATHEW BARZAL.
18:32 of 3rd period - Slapshot by Mikael Granlund.
18:32 of 3rd period - Shot Misses the Net.
18:34 of 3rd period - Wrist shot by Mikael Granlund.
18:34 of 3rd period - Stopped by Brian Elliott with a rebound.
18:36 of 3rd period - Slapshot by Niklas Kronwall.
18:36 of 3rd period - Stopped by Brian Elliott with a rebound.
18:38 of 3rd period - Snap shot by Matt Irwin.
18:38 of 3rd period - Stopped by Brian Elliott with a rebound.
18:40 of 3rd period - Snap shot by Mikael Granlund.
18:40 of 3rd period - Stopped by Brian Elliott without a rebound.
18:41 of 3rd period - Auston Matthews wins face-off versus Ryan Strome in Canadiens zone.
Goals for this period are 1 for Penguins vs 0 for Canadiens.
Shots for this period are 21 for Penguins vs 6 for Canadiens.